[Event "*** Titled Tuesday Blitz"]
[Site "Chess.com"]
[Date "2020.04.21"]
[Round "3"]
[White "imdarealist"]
[Black "AleksanderHnydiuk"]
[Result "0-1"]
[WhiteElo "2308"]
[BlackElo "2563"]
[TimeControl "180+1"]
[EndTime "10:29:20 PDT"]
[Termination "AleksanderHnydiuk won on time"]

1. d4 d5 2. Bf4 c5 3. e3 cxd4 4. exd4 Nc6 5. Nf3 Bg4 6. c3 e6 7. Qb3 Qb6 8. Qxb6 axb6 9. Bc7 Bxf3 10. gxf3 f6 11. Nd2 e5 12. dxe5 fxe5 13. Bxb6 Bd6 14.
Rg1 g6 15. Bb5 Ne7 16. a4 O-O 17. h4 Kh8 18. O-O-O Rf4 19. Rg4 Raf8 20. Rdg1 h5 21. Rg5 Rxh4 22. Bd3 Rg8 23. Bxg6 Rh2 24. Bf7 Rxg5 25.
Rxg5 h4 26. b4 h3 27. Be6 Rh1+ 28. Kc2 h2 29. Rh5+ Kg7 30. f4 exf4 31. b5 Ne5 32. Bd4 Kg6 33. Rh3 f3 34. Bxe5 Bxe5 35. Nxf3 Bf4 36.
c4 Kf6 37. Bxd5 Nxd5 38. cxd5 b6 39. Kb2 Kf5 40. d6 Bxd6 0-1

[Event "*** Titled Tuesday Blitz"]
[Site "Chess.com"]
[Date "2020.04.21"]
[Round "3"]
[White "RubensCezila"]
[Black "donotreadit"]
[Result "0-1"]
[WhiteElo "2429"]
[BlackElo "2681"]
[TimeControl "180+1"]
[EndTime "10:29:21 PDT"]
[Termination "donotreadit won on time"]

1. c4 e6 2. Nf3 d5 3. e3 Nf6 4. b3 a5 5. Nc3 b6 6. Bb2 Bb7 7.
cxd5 exd5 8. Bb5+ c6 9. Be2 Bd6 10. O-O O-O 11. Rc1 Nbd7 12. Qc2 Qe7 13. Rfe1 Rac8 14.
Qb1 Ne5 15. Na4 Nxf3+ 16. Bxf3 b5 17. Nc3 Rcd8 18. Ne2 c5 19. Bxf6 Qxf6 20. d4 Qe7 21. dxc5 Bxc5 22. Qd3 Ba3 23. Rc2 Ba6 24. Rd1 Qf6 25.
Nf4 d4 26. Rc6 dxe3 27. Rxf6 Rxd3 28. Rxa6 Rxd1+ 29. Bxd1 Bc5 30. Nd3 exf2+ 31. Kf1 Be3 32. Rd6 g6 33. Rd7 Rc8 34. Re7 Bd4 35. Rb7 Rc3 36.
Be2 Rc2 0-1

[Event "*** Titled Tuesday Blitz"]
[Site "Chess.com"]
[Date "2020.04.21"]
[Round "3"]
[White "Rodalquilar"]
[Black "serhanberat_ozdemir"]
[Result "1-0"]
[WhiteElo "2616"]
[BlackElo "2405"]
[TimeControl "180+1"]
[EndTime "10:29:21 PDT"]
[Termination "Rodalquilar won by resignation"]

1. d4 Nf6 2. c4 g6 3. Nc3 Bg7 4. e4 d6 5. Nf3 O-O 6. Be2 Bg4 7. h4 c5 8. Be3 cxd4 9. Nxd4 Bxe2 10. Qxe2 h5 11. f3 Nc6 12. O-O-O Rc8 13. Kb1 Qa5 14. Nb3 Qa6 15. g4 Ne5 16. g5 Nfd7 17. Nd5 Rfe8 18. Nd2 Nxc4 19. Nxc4 Rxc4 20. Rhe1 e6 21. Nf4 Rec8 22.
Rd2 R8c6 23. b3 Qb5 24. Red1 Qe5 25. Rd4 Rxd4 26. Rxd4 Qa5 27. Rd3 Nc5 28. Qd2 Qxd2 29. Rxd2 Be5 30. Ne2 Nd7 31. Bd4 Bxd4 32. Nxd4 Ra6 33.
Nb5 Ne5 34. f4 Ng4 35. Nxd6 Rb6 36. Nc8 Rc6 37. Ne7+ Kf8 38. Nxc6 bxc6 39. Rd8+ Ke7 40. Ra8 Ne3 41. Rxa7+ Kf8 42. Rc7 Kg7 43. a4 Ng2 44. a5 Nxf4 45. a6 Ne2 46. a7 Nc3+ 47. Kb2 Nxe4 48. a8=Q 1-0

[Event "*** Titled Tuesday Blitz"]
[Site "Chess.com"]
[Date "2020.04.21"]
[Round "3"]
[White "Danfii"]
[Black "Kimster98"]
[Result "0-1"]
[WhiteElo "2287"]
[BlackElo "2551"]
[TimeControl "180+1"]
[EndTime "10:29:21 PDT"]
[Termination "Kimster98 won by resignation"]

1. e4 c5 2. Nf3 e6 3. d4 cxd4 4. Nxd4 Nf6 5. Nc3 Nc6 6. Ndb5 Bc5 7. Bf4 O-O 8. Bc7 Qe7 9. Bd6 Bxd6 10. Qxd6 Qd8 11.
a4 a6 12. Na3 Qe7 13. Nc4 Qxd6 14. Nxd6 Ne8 15. O-O-O Nxd6 16. Rxd6 Rd8 17. Be2 Rb8 18.
Rhd1 Kf8 19. f4 f6 20. Bf3 Ke7 21. h4 Rf8 22. b3 Nd8 23. Ne2 b6 24. Ng3 Nf7 25.
R6d2 Rd8 26. Nh5 g6 27. Ng3 Bb7 28. h5 g5 29. f5 Ne5 30. Kb2 Rbc8 31. Rd6 Rc6 32.
Rxc6 Bxc6 33. h6 a5 34. Nh5 g4 35. Be2 Bxe4 36. fxe6 Kxe6 37. Bb5 d5 38. Ng7+ Kf7 39.
c4 d4 40. c5 bxc5 41. Re1 Bxg2 42. Nf5 Bc6 43. Bf1 Kg6 44. Ne7+ Kxh6 45. Rxe5 fxe5 46.
Nxc6 Re8 47. Kc2 e4 48. Kd2 g3 49. Bg2 e3+ 50. Ke2 d3+ 51. Kxd3 e2 0-1

[Event "*** Titled Tuesday Blitz"]
[Site "Chess.com"]
[Date "2020.04.21"]
[Round "3"]
[White "Ovsiannikov_Maxim"]
[Black "masteryoungK"]
[Result "1-0"]
[WhiteElo "2214"]
[BlackElo "2393"]
[TimeControl "180+1"]
[EndTime "10:29:21 PDT"]
[Termination "Ovsiannikov_Maxim won by resignation"]

1. d4 Nf6 2. Bg5 Ne4 3. Bh4 c5 4. f3 g5 5. fxe4 gxh4 6. e3 Bh6 7. Kf2 e6 8. Nf3 Nc6 9. Nc3 a6 10. d5 Ne7 11. Be2 d6 12. Rf1 Rg8 13. Kg1 h3 14. g3 Bxe3+ 15. Kh1 Ng6 16. Qd3 Bh6 17. a4 Qe7 18.
Rad1 e5 19. a5 Bd7 20. b3 O-O-O 21. Na4 Bxa4 22. bxa4 Qc7 23. Qc3 f5 24. exf5 Ne7 25. f6 Ng6 26. Nd2 Bxd2 27. Rxd2 Rdf8 28. Bh5 Rf7 29.
Bxg6 hxg6 30. Qf3 Rgf8 31. Qg4+ Kb8 32. Qxg6 Qxa5 33. Rdf2 c4 34. g4 Qxd5+ 35. Kg1 Ka7 36. g5 Qd4 37. Qf5 Rg8 38. Kh1 Qd5+ 39. Rf3 Qd2 40.
Qxh3 Qxg5 41. Rg3 Rxf6 42. Rxg5 Rxf1+ 43. Qxf1 Rxg5 44. Qf2+ Ka8 45. h4 Rg4 46. Kh2 d5 47. Kh3 Re4 48. Qf8+ Ka7 49. Qc5+ Ka8 50. Qxd5 Re3+ 51.
Kg4 e4 52. h5 Re1 53. h6 Rh1 54. Qd8+ Ka7 55. Kg5 e3 56. Qd4+ Ka8 57. Qxe3 b5 58.
Kg6 Rd1 59. h7 Rd6+ 60. Kh5 Rd5+ 61. Qg5 Rd8 62. Qg7 Rd5+ 63. Qg5 Rxg5+ 64. Kxg5 Kb7 65. h8=Q Kb6 66. Qe5 Ka5 67. axb5 axb5 68. c3 Ka4 69. Kf6 Kb3 70. Qd4 b4 71. cxb4 c3 72. b5 c2 73.
Qd3+ Kb2 74. Qxc2+ Kxc2 75. b6 Kc3 76. b7 Kc4 77. b8=Q Kc5 1-0

[Event "*** Titled Tuesday Blitz"]
[Site "Chess.com"]
[Date "2020.04.21"]
[Round "3"]
[White "AryanTari"]
[Black "GMartin_Petrov"]
[Result "1-0"]
[WhiteElo "2906"]
[BlackElo "2448"]
[TimeControl "180+1"]
[EndTime "10:29:22 PDT"]
[Termination "AryanTari won by resignation"]

1. Nf3 c5 2. c4 Nc6 3. d4 cxd4 4. Nxd4 Nf6 5. Nc3 e6 6. Bf4 d5 7. cxd5 Nxd5 8. Nxc6 bxc6 9. Bd2 Rb8 10. Qc2 Be7 11.
a3 O-O 12. e4 Nxc3 13. Bxc3 Qb6 14. Be2 Ba6 15. O-O Bxe2 16. Qxe2 Qb5 17. Qg4 Qg5 18. Qxg5 Bxg5 19. Rad1 Rfd8 20. Be5 Rxd1 21. Rxd1 Rd8 22. Rxd8+ Bxd8 23. Kf1 Kf8 24. Ke2 g6 25. Kd3 Ke8 26.
Kc4 Kd7 27. a4 Bb6 28. f3 h5 29. Bd4 Bc7 30. Bxa7 Bxh2 31. a5 Kc7 32. a6 f5 33.
Be3 Bd6 34. b4 f4 35. Bd4 g5 36. b5 cxb5+ 37. Kxb5 g4 38. Bb6+ Kb8 39. Kc6 Bf8 40. Kd7 e5 41. Ke6 h4 42. fxg4 Bb4 43. Bf2 f3 44. gxf3 h3 45. Bg3 Bd2 46. Bxe5+ Ka7 47. Bh2 Be3 48. f4 1-0

[Event "*** Titled Tuesday Blitz"]
[Site "Chess.com"]
[Date "2020.04.21"]
[Round "3"]
[White "temus_galaktionov"]
[Black "drd_davi"]
[Result "1/2-1/2"]
[WhiteElo "2745"]
[BlackElo "2469"]
[TimeControl "180+1"]
[EndTime "10:29:22 PDT"]
[Termination "Game drawn by repetition"]

1. d4 Nf6 2. Nf3 d5 3. c4 e6 4. Nc3 Bb4 5. cxd5 exd5 6. Bg5 h6 7. Bxf6 Qxf6 8. e3 O-O 9. Bd3 c5 10. O-O Bxc3 11. bxc3 c4 12. Bc2 Bg4 13. e4 Bxf3 14.
Qxf3 Qxf3 15. gxf3 Nc6 16. Rab1 b6 17. Rfe1 Ne7 18.
Kg2 f5 19. Rb5 Rad8 20. a4 dxe4 21. fxe4 Ng6 22. exf5 Nf4+ 23. Kg3 Nd5 24. a5 Nxc3 25. Rb4 Rxd4 26. axb6 axb6 27. Rxb6 Rd2 28. Be4 Nxe4+ 29.
Rxe4 Rxf5 30. Rxc4 Rfxf2 31. h3 Rg2+ 32. Kf3 Rdf2+ 33.
Ke3 Rf7 34. h4 Rh2 35. Re6 Kh7 36. Re5 Rh3+ 37. Ke2 Ra7 38. Kf1 Ra2 39. Re2 Rh1+ 40.
Kg2 Rxe2+ 41. Kxh1 g5 42. hxg5 hxg5 43. Kg1 Kg6 44. Rc3 Rb2 45. Ra3 Kh5 46. Rc3 g4 47. Rd3 Kh4 48. Rc3 Ra2 49. Rd3 Rc2 50. Ra3 Rb2 51. Rc3 g3 52. Rc8 Kh3 53. Rh8+ Kg4 54. Rg8+ Kh3 55. Rh8+ Kg4 56. Rg8+ Kh3 57. Rh8+ 1/2-1/2

[Event "*** Titled Tuesday Blitz"]
[Site "Chess.com"]
[Date "2020.04.21"]
[Round "3"]
[White "AlhosaniOmran1"]
[Black "DACF2905"]
[Result "1-0"]
[WhiteElo "2367"]
[BlackElo "2155"]
[TimeControl "180+1"]
[EndTime "10:29:22 PDT"]
[Termination "AlhosaniOmran1 won on time"]

1. e4 c5 2. Nf3 e6 3. d4 cxd4 4.
Nxd4 a6 5. Nc3 Qc7 6. Be3 Nf6 7. f3 Bc5 8. Qd2 b5 9. O-O-O Bb7 10. Kb1 Be7 11. g4 d6 12. g5 Nfd7 13. h4 Nc6 14.
h5 Nce5 15. g6 hxg6 16. Bxb5 gxh5 17. Be2 Nc4 18. Bxc4 Qxc4 19. Nb3 a5 20. Qd3 Qxd3 21. cxd3 a4 22. Nd2 a3 23. b3 Bf6 24. Nb5 Ke7 25. Nc4 d5 26. Ncxa3 dxe4 27. dxe4 g6 28. Nc4 Bc6 29. Nd4 Ra6 30. a4 Rb8 31. Kc2 Bxd4 32.
Bxd4 f5 33. exf5 exf5 34. Rhe1+ Kf7 35. Bc3 Nc5 36. Ne5+ Kg8 37. Nxg6 Bxf3 38. Ne7+ Kf7 39. Rd4 Nxb3 40. Rf4 Bg4 41. Nxf5 Bxf5+ 42. Rxf5+ Kg6 43. Rfe5 Rxa4 44. Rg1+ Kf7 45. Rf5+ Ke6 46. Rf6+ Kd5 47. Rd1+ Ke4 48. Re1+ Kd5 49. Re5+ Kc4 50. Rf4+ 1-0

[Event "*** Titled Tuesday Blitz"]
[Site "Chess.com"]
[Date "2020.04.21"]
[Round "3"]
[White "Budisavljevic"]
[Black "kreonx"]
[Result "0-1"]
[WhiteElo "2441"]
[BlackElo "2248"]
[TimeControl "180+1"]
[EndTime "10:29:23 PDT"]
[Termination "kreonx won on time"]

1. d4 f5 2. Nc3 d5 3. Bg5 Nf6 4. Bxf6 exf6 5. e3 c6 6. Bd3 Be6 7. Qf3 Qd7 8. Nge2 g6 9. h4 h5 10. Nf4 Bf7 11. a3 b5 12. Nb1 a5 13. a4 b4 14. Nd2 Na6 15. Bxa6 Rxa6 16. Nb3 Ra7 17. Nd3 Qc7 18. Kd2 Bd6 19. Qe2 O-O 20. f3 Re8 21. g4 hxg4 22. fxg4 f4 23. Rh3 Qe7 24. Re1 fxe3+ 25. Rxe3 Qxe3+ 26. Qxe3 Rxe3 27. Rxe3 Kf8 28. Re2 Ra8 29. Ndc5 Kg8 30. Nb7 Bf4+ 31. Kd3 Be8 32.
N7xa5 g5 33. h5 Bd7 34. Rg2 f5 35. Nb7 fxg4 36. c3 Re8 37. cxb4 Bf5+ 38. Kc3 Re3+ 39. Kd2 Rxb3+ 40. Kd1 Rxb4 41. Nc5 Rxd4+ 42. Ke1 Rc4 43. Nb7 Rxa4 44. Re2 Ra1+ 45. Kf2 g3+ 46. Kf3 Be4+ 47. Kg4 g2 48. h6 g1=Q+ 0-1

[Event "*** Titled Tuesday Blitz"]
[Site "Chess.com"]
[Date "2020.04.21"]
[Round "3"]
[White "Sunnika"]
[Black "Shivagami"]
[Result "1-0"]
[WhiteElo "2359"]
[BlackElo "2138"]
[TimeControl "180+1"]
[EndTime "10:29:23 PDT"]
[Termination "Sunnika won by resignation"]

1. d4 Nf6 2. Nf3 d5 3. c4 c6 4. g3 Bg4 5. Ne5 Bf5 6. Bg2 e6 7. Nd2 Be7 8. O-O O-O 9. b3 h6 10. Bb2 Nbd7 11. Re1 a5 12. a3 Nxe5 13. dxe5 Nd7 14.
cxd5 cxd5 15. e4 dxe4 16. Nxe4 Nc5 17. Nxc5 Bxc5 18. Qxd8 Rfxd8 19. Red1 Rab8 20. Bc3 Rxd1+ 21. Rxd1 Bc2 22. Rc1 Bxb3 23. Bxa5 b6 24. Bb4 Bxb4 25. axb4 Rd8 26. Be4 g6 27. b5 Bd5 28. Rd1 Kf8 29.
Bxd5 Rxd5 30. Rxd5 exd5 31. f4 Ke7 32. Kf2 Ke6 33.
Ke3 Kf5 34. Kd4 g5 35. fxg5 Kxg5 36. Kxd5 Kg4 37. Kc6 Kh3 38. Kxb6 Kxh2 39. Kc7 Kxg3 40. b6 h5 41. b7 h4 42. b8=Q h3 43. Qg8+ Kh4 44. Qh7+ 1-0

[Event "*** Titled Tuesday Blitz"]
[Site "Chess.com"]
[Date "2020.04.21"]
[Round "3"]
[White "kingnb"]
[Black "Rozum_Ivan"]
[Result "0-1"]
[WhiteElo "2438"]
[BlackElo "2736"]
[TimeControl "180+1"]
[EndTime "10:29:24 PDT"]
[Termination "Rozum_Ivan won by resignation"]

1. e4 c6 2. d4 d5 3. e5 Bf5 4. h4 h5 5. Bd3 Bxd3 6. Qxd3 Qa5+ 7. Nd2 e6 8. Nf3 Nh6 9. b3 Nf5 10. O-O Be7 11. a4 Nxh4 12. Nxh4 Bxh4 13. Ba3 Qd8 14. c4 Be7 15. b4 Nd7 16. c5 b6 17.
b5 Rc8 18. cxb6 axb6 19. Bxe7 Qxe7 20. bxc6 Rxc6 21. a5 bxa5 22. Rxa5 O-O 23. Rfa1 Rfc8 24. Nf3 Nf8 25. Ra7 R6c7 26. Ra8 Ng6 27. Rxc8+ Rxc8 28. Qd2 Qd8 29. Rc1 Rxc1+ 30. Qxc1 Nh4 31. Nxh4 Qxh4 32. Qc8+ Kh7 33. Qc5 Qf4 34. Qa7 h4 35. Qb6 g5 36.
Qb1+ Kg7 37. Qd1 g4 38. Qd3 g3 39. fxg3 hxg3 40. Qd1 Qe3+ 41. Kh1 Qh6+ 42. Kg1 Qh2+ 43. Kf1 Qh1+ 44. Ke2 Qxg2+ 45. Kd3 Qe4+ 46. Kc3 g2 47.
Qc1 Qg4 48. Qg1 Qf3+ 49. Kb4 Qf1 0-1

[Event "*** Titled Tuesday Blitz"]
[Site "Chess.com"]
[Date "2020.04.21"]
[Round "3"]
[White "IngOscarArdila"]
[Black "pedroholly22"]
[Result "0-1"]
[WhiteElo "2054"]
[BlackElo "2323"]
[TimeControl "180+1"]
[EndTime "10:29:24 PDT"]
[Termination "pedroholly22 won by resignation"]

1. d4 Nf6 2. c4 e6 3. Nc3 d5 4.
cxd5 Nxd5 5. e4 Nxc3 6. bxc3 Be7 7. Nf3 O-O 8. Bd3 c5 9. Be3 cxd4 10. cxd4 Bb4+ 11.
Bd2 Bxd2+ 12. Qxd2 Nc6 13. Be2 b6 14. O-O Bb7 15.
Rac1 Rc8 16. Rfd1 Qd6 17. Bb5 a6 18. Ba4 h6 19. Rb1 b5 20. Bb3 Ne7 21. d5 exd5 22. exd5 Rfd8 23. Qa5 Nxd5 24. Nd4 Qb6 25. Qxb6 Nxb6 26.
Nf5 Rxd1+ 27. Rxd1 Kf8 28. Nd6 Rc7 29. Re1 g6 30. h4 Bd5 31. Re8+ Kg7 32. Rb8 Bxb3 33. axb3 Nd5 34. Ra8 Rc6 35. Ne4 Nb4 36. Ra7 Nc2 37.
g4 Nd4 38. b4 Nc2 39. g5 hxg5 40. hxg5 Nxb4 41. Nf6 Rc8 42. Kg2 Rb8 43. Nd7 Re8 44. Nf6 Rd8 45. Rb7 Nd5 46. Ne4 Re8 47.
Nd6 Re7 48. Rb8 f6 49. gxf6+ Nxf6 50. f4 Ne4 51. Ne8+ Kf7 52. Kf3 Rxe8 53. Rb7+ Re7 54.
Rxe7+ Kxe7 55. Kxe4 Ke6 0-1

[Event "*** Titled Tuesday Blitz"]
[Site "Chess.com"]
[Date "2020.04.21"]
[Round "3"]
[White "nocnypako"]
[Black "Fandorine"]
[Result "0-1"]
[WhiteElo "2587"]
[BlackElo "2887"]
[TimeControl "180+1"]
[EndTime "10:29:25 PDT"]
[Termination "Fandorine won on time"]

1. d4 Nf6 2. c4 g6 3. Nc3 d5 4. cxd5 Nxd5 5. e4 Nxc3 6. bxc3 Bg7 7. Bc4 c5 8. Ne2 O-O 9. O-O Nc6 10. Be3 Na5 11.
Bd3 e5 12. Qd2 cxd4 13. cxd4 exd4 14. Bh6 Nc6 15. Bxg7 Kxg7 16. f4 f6 17. Rac1 Qe7 18. f5 Bd7 19. Nf4 Rad8 20. Rf3 g5 21. Nd5 Qd6 22.
h4 h6 23. Qf2 Be8 24. Rg3 Bf7 25. Nf4 Ne5 26. Bb1 Rc8 27. Rd1 Rfd8 28. Nh3 g4 29. Nf4 h5 30. Bd3 Rc3 31. Be2 Rxg3 32. Qxg3 d3 33.
Bxd3 Qb6+ 34. Kh2 Rd4 35. Bc2 Rxd1 36. Bxd1 Qd4 37. Qe1 Bxa2 38. Nxh5+ Kf8 39. Nf4 Bf7 40. Bc2 b6 41. Qe2 a5 42. h5 Qc3 43. Ng6+ Bxg6 44. hxg6 Kg7 45. Bd1 Qc1 46. Qf2 Qh6+ 0-1

[Event "*** Titled Tuesday Blitz"]
[Site "Chess.com"]
[Date "2020.04.21"]
[Round "3"]
[White "Shuvatkin_Vladimir"]
[Black "INLOVEWITHF"]
[Result "1-0"]
[WhiteElo "2319"]
[BlackElo "2528"]
[TimeControl "180+1"]
[EndTime "10:29:25 PDT"]
[Termination "Shuvatkin_Vladimir won by checkmate"]

1. d4 Nf6 2. Nf3 g6 3. g3 Bg7 4.
Bg2 O-O 5. O-O d6 6. c4 Nc6 7.
Nc3 e5 8. Bg5 h6 9. Bxf6 Bxf6 10.
dxe5 Nxe5 11. Nxe5 Bxe5 12. Qc2 c6 13. Rfd1 Qc7 14.
Rac1 f5 15. e3 Be6 16. Ne2 Bg7 17. b3 Rad8 18. Rd2 g5 19. Rcd1 Rd7 20. Nd4 Re7 21.
Nxe6 Rxe6 22. Rd3 Be5 23. Qe2 f4 24. exf4 gxf4 25. Qg4+ Kf7 26. Qh5+ Ke7 27. Qh4+ Rff6 28. Bh3 Qa5 29. Bxe6 Kxe6 30. Qg4+ Ke7 31. Qe2 Re6 32. Qg4 Rf6 33. Qg7+ Rf7 34. Qxh6 fxg3 35. hxg3 Qxa2 36.
R1d2 Qb1+ 37. Kg2 Qe1 38. Qg5+ Kd7 39. Qg4+ Kc7 40. Re2 Qb1 41. Qe4 Rf8 42. c5 Rh8 43. Re1 Qb2 44. Rf3 Rd8 45. Rf7+ Kb8 46. cxd6 Bxd6 47.
Re3 a5 48. Qh7 Bc5 49. Rxb7+ Ka8 50. Rd7 Rxd7 51. Re8+ Ka7 52. Qxd7+ Ka6 53. Qxc6+ Bb6 54. Ra8# 1-0

[Event "*** Titled Tuesday Blitz"]
[Site "Chess.com"]
[Date "2020.04.21"]
[Round "3"]
[White "BabyFacedAssasin"]
[Black "ALeks_Ivlev"]
[Result "0-1"]
[WhiteElo "2267"]
[BlackElo "2522"]
[TimeControl "180+1"]
[EndTime "10:29:26 PDT"]
[Termination "ALeks_Ivlev won by resignation"]

1. e4 c5 2. Nf3 d6 3. d4 cxd4 4.
Nxd4 Nf6 5. Nc3 g6 6. Be3 Bg7 7.
f3 a6 8. Qd2 h5 9. O-O-O b5 10. Kb1 Bb7 11. a3 Nbd7 12. h3 Rc8 13. Be2 Ne5 14. g4 Nc4 15. Bxc4 Rxc4 16. Qd3 Nd7 17. b3 Ne5 18. Qd2 Rc8 19. f4 Nf3 20. Nxf3 Bxc3 21. Qd3 Qa5 22. Bd4 b4 23. a4 Bxd4 24.
Qxd4 Rg8 25. f5 Qc5 26. fxg6 Rxg6 27. Qxc5 Rxc5 28. Nh4 Rg8 29. Rhe1 hxg4 30. hxg4 Rxg4 31. Nf5 Bxe4 32. Nd4 e5 33. Kb2 exd4 34. Rxd4 d5 35. Rxb4 Rxc2+ 36. Ka3 Rgg2 37. Rb8+ Kd7 38. Kb4 Rc7 39.
Rb6 Rg6 40. Rxg6 fxg6 41. Ka5 Rc6 42. b4 Ke6 43. b5 axb5 44. axb5 Rc8 45. Kb6 Ke5 46.
Kb7 Rc2 47. b6 d4+ 48. Ka7 Ra2+ 49. Kb8 d3 50. Kc7 Rc2+ 51. Kd7 d2 52. Rd1 Rb2 53. Kc7 Kf4 54. Rf1+ Ke3 55. Rg1 Bf3 56. Rxg6 d1=Q 57.
Re6+ Be4 0-1

[Event "*** Titled Tuesday Blitz"]
[Site "Chess.com"]
[Date "2020.04.21"]
[Round "3"]
[White "Semen_Khanin"]
[Black "archess2"]
[Result "1-0"]
[WhiteElo "2621"]
[BlackElo "2222"]
[TimeControl "180+1"]
[EndTime "10:29:27 PDT"]
[Termination "Semen_Khanin won by resignation"]

1. e4 c6 2. d4 d5 3. Nd2 dxe4 4. Nxe4 Bf5 5. Ng3 Bg6 6. h4 h6 7. Nf3 Nd7 8. h5 Bh7 9. Bd3 Bxd3 10. Qxd3 e6 11.
Bd2 Ngf6 12. O-O-O Bd6 13. Kb1 O-O 14. Ne4 Nxe4 15.
Qxe4 Nf6 16. Qe2 Bc7 17. g4 Nxg4 18. Rdg1 f5 19. Qxe6+ Kh8 20. Nh4 Rf6 21. Qe2 Qe8 22.
Qf3 Qxh5 23. Qg2 Qf7 24. f3 Nh2 25. Ng6+ Kh7 26. Ne5 Bxe5 27. dxe5 Rg6 28. Qxh2 Rxg1+ 29. Rxg1 Rd8 30. Bc3 Qe6 31. b3 c5 32. Qh4 Rd7 33. f4 b5 34. Bb2 c4 35. Qf2 a5 36. Qe2 Rc7 37. Rd1 c3 38. Rd6 Qe7 39. Bc1 a4 40.
Qd3 g6 41. e6 Kg7 42. Rd7 Rxd7 43. exd7 Qd8 44. Qxc3+ Kf7 45. Qd4 axb3 46. axb3 Ke6 47. Qe5+ Kxd7 48. Qg7+ Kc8 49. Qxg6 Qd5 50. Qxh6 Qe4 51.
Qf8+ Kb7 52. Qd6 Qc6 53. Qxc6+ Kxc6 54. Bb2 Kc5 55. Be5 1-0

[Event "*** Titled Tuesday Blitz"]
[Site "Chess.com"]
[Date "2020.04.21"]
[Round "3"]
[White "starworld123"]
[Black "InitiatingASC"]
[Result "1/2-1/2"]
[WhiteElo "2634"]
[BlackElo "2426"]
[TimeControl "180+1"]
[EndTime "10:29:27 PDT"]
[Termination "Game drawn by agreement"]

1. e4 c5 2. Nf3 Nc6 3. d4 cxd4 4.
Nxd4 Nf6 5. Nc3 e5 6. Ndb5 h6 7. Nd6+ Bxd6 8. Qxd6 Qe7 9. Qxe7+ Kxe7 10. Bc4 d6 11. Be3 Be6 12. Bb3 Rhd8 13. f3 Bxb3 14. axb3 d5 15. exd5 Nxd5 16. Bc5+ Ke6 17. O-O b6 18. Nxd5 Kxd5 19. Be3 Ke6 20. Ra4 Rac8 21. b4 Nd4 22. c3 Nf5 23. Kf2 Nxe3 24. Kxe3 Rd7 25.
Rfa1 Rcd8 26. Kf2 Rd2+ 27. Kg3 Rxb2 28. Rxa7 Rdd2 29. Rg1 Rdc2 30. Rb7 Rxc3 31. Rxb6+ Kf5 32. Rb7 Kg6 33. Rd1 Rcc2 34. Rg1 Rb3 35. h4 h5 36. Rd1 Rbb2 37. Rg1 f6 38. Kh3 Rb3 39. Rd1 e4 40. Kg3 Rbb2 41. Kf4 exf3 42. gxf3 Rc4+ 43. Ke3 Rb3+ 44. Kf2 Rc2+ 45. Kg3 Rcc3 46. Rf1 Rc4 47. Rg1 Rbxb4 48. Kf2+ Kf5 49. Rxb4 Rxb4 50. Rxg7 Rxh4 51. Ra7 Rb4 52. Ra5+ Kg6 53. Kg3 Rb3 54. Rc5 Rd3 55. Rb5 Rc3 56. Ra5 Rb3 1/2-1/2

[Event "*** Titled Tuesday Blitz"]
[Site "Chess.com"]
[Date "2020.04.21"]
[Round "3"]
[White "DucksParadise"]
[Black "arminmusovic"]
[Result "0-1"]
[WhiteElo "2071"]
[BlackElo "2491"]
[TimeControl "180+1"]
[EndTime "10:29:28 PDT"]
[Termination "arminmusovic won by resignation"]

1. e4 c6 2. d4 d5 3. e5 c5 4. dxc5 Nc6 5. Nf3 Bg4 6. c3 e6 7.
Be3 Nge7 8. Bb5 a6 9. Bxc6+ Nxc6 10. Nbd2 Be7 11. h3 Bh5 12. Bd4 Nxd4 13. cxd4 O-O 14. O-O f5 15. b4 g5 16. a4 Kh8 17.
b5 axb5 18. axb5 Rxa1 19. Qxa1 g4 20. Nh2 Bg5 21. Qc3 Rg8 22. f4 gxf3 23. Nhxf3 Bf4 24. Kh1 Qe7 25. c6 Qg7 26. Rg1 bxc6 27. bxc6 Qg3 28. Nf1 Qf2 29. c7 Bxf3 30. Qxf3 Qxf3 31. gxf3 Rc8 32.
Nh2 Rxc7 33. Rd1 Rc2 34. Nf1 Rf2 35. Kg1 Rxf3 36. Kg2 Rc3 37. Rb1 Kg7 38. Rb7+ Kg6 39. Re7 Rc6 40. Rd7 h5 41. Kf3 Bg5 42. Ng3 Rc3+ 43.
Kg2 f4 44. Nf1 Kf5 45. Rh7 Ke4 46. Kf2 Rc2+ 47. Ke1 Rc1+ 48. Ke2 f3+ 49. Kf2 Bh4+ 50. Ng3+ Bxg3+ 51. Kxg3 Rg1+ 52. Kf2 Rg2+ 53. Kf1 Kxd4 54.
Rxh5 Ke3 55. Rh6 Ra2 0-1

[Event "*** Titled Tuesday Blitz"]
[Site "Chess.com"]
[Date "2020.04.21"]
[Round "3"]
[White "enriquetejedor"]
[Black "Kaua18"]
[Result "1-0"]
[WhiteElo "2522"]
[BlackElo "2217"]
[TimeControl "180+1"]
[EndTime "10:29:29 PDT"]
[Termination "enriquetejedor won by checkmate"]

1. d4 Nf6 2. c4 e6 3. Nf3 b6 4. a3 Bb7 5. Nc3 d5 6. Bg5 Nbd7 7. e3 Be7 8. cxd5 exd5 9. g3 O-O 10. Bg2 h6 11. Bxf6 Nxf6 12. O-O Re8 13. Rc1 a6 14.
Ne5 Bd6 15. Nd3 Ne4 16. Re1 Qf6 17. Qb3 Nd2 18. Nxd5 Nf3+ 19. Kh1 Bxd5 20. Qxd5 Nxe1 21. Rxe1 Rad8 22. Qc4 b5 23. Qc6 Qf5 24. e4 Qg5 25.
f4 Qg6 26. Qxa6 b4 27. e5 Bf8 28. Qxg6 fxg6 29. Bc6 Re6 30. Ba4 Rb6 31. Re4 bxa3 32. bxa3 Bxa3 33. Kg2 Be7 34. Kh3 Ra8 35. Bc2 Ra2 36.
Re2 Rc6 37. Bb3+ Kh7 38. Bxa2 Rc3 39. Nf2 g5 40. Bb1+ Kg8 41. Ba2+ Kf8 42. f5 h5 43. Ne4 g4+ 44. Kg2 Rd3 45. f6 gxf6 46. exf6 Ba3 47.
Ng5 Rxd4 48. Nh7# 1-0

[Event "*** Titled Tuesday Blitz"]
[Site "Chess.com"]
[Date "2020.04.21"]
[Round "3"]
[White "Leonid_Starozhilov"]
[Black "Jospem"]
[Result "0-1"]
[WhiteElo "2629"]
[BlackElo "2831"]
[TimeControl "180+1"]
[EndTime "10:29:30 PDT"]
[Termination "Jospem won by checkmate"]

1. c4 c5 2. Nc3 Nc6 3. Nf3 g6 4. g3 Bg7 5. Bg2 d6 6. O-O e6 7. a3 Nge7 8. d3 O-O 9. Bd2 b6 10. Qc1 Nf5 11. Nh4 Nfd4 12. Qd1 Bb7 13. e3 Nf5 14.
Nxf5 gxf5 15. Rb1 Qd7 16. Ne2 Ne5 17. Nf4 Bxg2 18. Kxg2 Ng6 19. Nh5 d5 20. Bc3 f6 21.
cxd5 Qxd5+ 22. Qf3 Rad8 23. Rbd1 Qxf3+ 24. Kxf3 e5 25.
b4 cxb4 26. axb4 Rf7 27. d4 Rc8 28. Ba1 Bf8 29. b5 e4+ 30. Kg2 Rd8 31. Rc1 Ne7 32. Nf4 Nd5 33. Rc6 Nb4 34. Rc4 Bd6 35. Nh5 Nd5 36. Bb2 Rfd7 37. Rfc1 Kf7 38. h3 Kg6 39. Nf4+ Bxf4 40. gxf4 Kf7 41. Ba3 Rg8+ 42. Kf1 Ra8 43. Rc6 a6 44. bxa6 Rxa6 45. Bd6 Ra2 46. Bb8 Ra8 47. Bd6 Ra2 48. Bc7 b5 49. Bd6 Rb2 50. Bc5 b4 51. Ra1 b3 52. Ra5 Rb1+ 53. Kg2 Rb7 54. Rc8 b2 55. Raa8 Rg1+ 56. Kxg1 b1=Q+ 57. Kh2 Qf1 58. Rf8+ Kg6 59. Kg3 Qg1+ 60. Kh4 Qxf2# 0-1

[Event "*** Titled Tuesday Blitz"]
[Site "Chess.com"]
[Date "2020.04.21"]
[Round "3"]
[White "kuba2006"]
[Black "KetiTsatsalashvili"]
[Result "0-1"]
[WhiteElo "2433"]
[BlackElo "2234"]
[TimeControl "180+1"]
[EndTime "10:29:31 PDT"]
[Termination "KetiTsatsalashvili won on time"]

1. e4 c5 2. Nf3 d6 3. d4 cxd4 4. Qxd4 Nc6 5. Bb5 e5 6. Qd3 Be6 7. c4 h6 8. Nc3 Nf6 9. O-O Be7 10.
Bxc6+ bxc6 11. b4 O-O 12. Be3 Qc7 13. Rfd1 Rfd8 14. Rac1 Rab8 15. b5 c5 16. a4 Bg4 17.
Kh1 Bf8 18. Rg1 Qd7 19. Nd2 Bh5 20. f3 g5 21. g4 Bg6 22. a5 Qc7 23. Ra1 Bg7 24. Nd5 Nxd5 25. Qxd5 Kh7 26. Rgb1 f6 27. Nf1 Bf7 28. Qd3 Be6 29. Ng3 Qf7 30. Ra4 Bf8 31. b6 axb6 32. axb6 Rb7 33. Bxc5 Rc8 34. Bxd6 Bxc4 35.
Qa3 Bxd6 36. Qxd6 Bb3 37. Rb4 Ba2 38. Ra1 Be6 39. Ra7 Rxa7 40. bxa7 Ra8 41. Rb6 Bc4 42. Rb8 Rxa7 43. Nf5 Ra1+ 44. Kg2 Bf1+ 45. Kg3 Ra2 46. Ne3 Re2 47. Qd8 Qg7 0-1

[Event "*** Titled Tuesday Blitz"]
[Site "Chess.com"]
[Date "2020.04.21"]
[Round "3"]
[White "IMAghasiyevKamal"]
[Black "KuzubovYuriy"]
[Result "1/2-1/2"]
[WhiteElo "2538"]
[BlackElo "2756"]
[TimeControl "180+1"]
[EndTime "10:29:32 PDT"]
[Termination "Game drawn by repetition"]

1. d4 Nf6 2. c4 e6 3. Nf3 d5 4. g3 Be7 5. Bg2 O-O 6. O-O dxc4 7. Qc2 b5 8. a4 b4 9. Qxc4 Ba6 10.
Qc2 c5 11. dxc5 Nbd7 12. c6 Rc8 13. Bf4 Nd5 14. Rd1 b3 15. Qxb3 Nc5 16. Qc2 Nb4 17. Qc1 Qb6 18. Nd4 Nxc6 19. Nxc6 Rxc6 20. a5 Qb7 21. b4 Bxe2 22. Re1 Qxb4 23. Rxe2 Rcc8 24. Qb2 Nd3 25. Qxb4 Bxb4 26. Nd2 Nxf4 27. gxf4 Rc2 28. Rd1 Rd8 29. Nf1 Rxd1 30. Rxc2 Bxa5 31. Rc8+ Rd8 32. Rxd8+ Bxd8 33. Bb7 Bc7 34. Kg2 Bxf4 35. h3 g6 36. Kf3 Bc7 37. Ne3 Kg7 38. Nc4 f5 39. Bc6 Kf6 40.
Be8 e5 41. Bc6 e4+ 42. Ke2 h5 43. Bd5 g5 44. Ne3 Bb6 45. Bb7 Bxe3 46. fxe3 a5 47. Bc6 Ke5 48. Ba4 h4 49. Bd7 f4 50. Ba4 f3+ 51.
Kf2 Kd5 52. Ke1 Kc4 53. Kf2 Kc3 54. Bc6 Kd3 55. Bb5+ Kc3 56. Bc6 Kd3 57. Bb5+ Kc3 58. Bc6 1/2-1/2